 Dungeon Crawl Stone Soup version 0.25-a0-731-g0472a16d6a (console) character file.

Game seed: 2401060574167482543, levelgen mode: classic

72 Duffy the Conjurer (level 4, 0/36 HPs)
             Began as a Naga Fire Elementalist on Apr 8, 2020.
             Slain by Natasha (2 damage)
             ... on level 2 of the Dungeon.
             The game lasted 00:01:40 (1441 turns).

Duffy the Conjurer (Naga Fire Elementalist)         Turns: 1441, Time: 00:01:41

Health: 0/36       AC:  4    Str: 11    XL:     4   Next: 26%
Magic:  8/8        EV: 10    Int: 16    God:
Gold:   117        SH:  0    Dex: 11    Spells: 7/8 levels left

rFire    . . .     SeeInvis +   h - +4 mace
rCold    . . .     Gourm    .   (no shield)
rNeg     . . .     Faith    .   a - +0 robe
rPois    +         Spirit   .   j - +0 helmet
rElec    .         Reflect  .   g - +0 cloak (curse)
rCorr    .         Harm     .   (no gloves)
MR       .....                  (no barding)
Stlth    +.........             (no amulet)
HPRegen  0.12/turn              e - ring of attention (curse)
MPRegen  0.11/turn              (no ring)

@: very slow
A: large, see invisible, deformed body, poison resistance, slowness 2, slow
metabolism 1, spit poison 1, AC +1
a: Spit Poison


You were on level 2 of the Dungeon.
You were not hungry.

You visited 1 branch of the dungeon, and saw 2 of its levels.

You collected 117 gold pieces.

Inventory:

Hand Weapons
 h - a +4 mace (weapon)
Armour
 a - a +0 robe (worn)
 g - a cursed +0 cloak (worn)
 j - a +0 helmet (worn)
Jewellery
 e - a cursed ring of attention (left hand)
Scrolls
 b - 4 scrolls of identify {unknown}
 d - a scroll of teleportation {unknown}
 f - a scroll of blinking {unknown}
Potions
 i - a potion of mutation {unknown}
 l - a potion of brilliance {unknown}
Comestibles
 c - 8 rations
 k - 3 chunks of flesh


   Skills:
 - Level 1.5 Dodging
 - Level 3.0 Stealth
 + Level 2.9 Spellcasting
 + Level 3.1 Conjurations
 + Level 3.0 Fire Magic


You had 7 spell levels left.
You knew the following spells:

 Your Spells              Type           Power        Failure   Level  Hunger
h - Foxfire               Conj/Fire      ##..         5%          1    #......

Your spell library contained the following spells:

 Spells                   Type           Power        Failure   Level  Hunger
 Conjure Flame            Conj/Fire      ##......     16%         3    ###....
 Inner Flame              Hex/Fire       #.......     30%         3    ###....
 Sticky Flame             Conj/Fire      ##......     47%         4    #####..
 Fireball                 Conj/Fire      ##........   83%         5    ######.


Dungeon Overview and Level Annotations

Branches:
Dungeon (2/15)

Altars:

Annotations:
D:2 Natasha


Innate Abilities, Weirdness & Mutations

You cannot wear boots.
Your serpentine skin is tough. (AC +1)
You have supernaturally acute eyesight. (SInv)
Armour fits poorly on your strangely shaped body.
Your system is resistant to poisons. (rPois)
You cover ground very slowly.
You have a slow metabolism.
You can spit poison.


Message History

Natasha claws you.
You barely miss Natasha.
Natasha is moderately wounded.
Natasha claws you. Natasha claws you!
You are too injured to fight recklessly!
You are too injured to fight recklessly!
You are too injured to fight recklessly!
You closely miss Natasha.
Natasha is moderately wounded.
Natasha claws you!
You completely miss Natasha.
Natasha is moderately wounded.
Natasha barely misses you. Natasha claws you.
You barely miss Natasha.
Natasha is moderately wounded.
Natasha closely misses you.
You hit Natasha.
Natasha is moderately wounded.
Natasha claws you.
You die...

..... #..........##
........
###...###..#)## ...
#..##....#.......##
..##........#.####...#
## ..#.#...####.##
##..# .%#..
##....#...## #... ..(
#.##...<..###...
#h###.# .......###..
#.@...##.......# ..
#)...###.......#
#...(####.....##
#..[............
#.....##........
#...............
#....###........
#....# ##.......
#....# #.(....


You could see Natasha.

Vanquished Creatures
  Natasha (D:2)
  2 adders (D:2)
  A leopard gecko (D:1)
  A ball python (D:2)
  4 bats
  3 giant cockroaches
  7 goblins
  3 hobgoblins
  5 kobolds
  3 rats
30 creatures vanquished.

Vanquished Creatures (others)
  73 foxfires
73 creatures vanquished.

Grand Total: 103 creatures vanquished

Notes
Turn   | Place    | Note
-------+----------+-------------------------------------------
     0 | D:1      | Duffy the Naga Fire Elementalist began the quest for the
                  | Orb.
     0 | D:1      | Reached XP level 1. HP: 15/15 MP: 3/3
    43 | D:1      | Reached XP level 2. HP: 17/22 MP: 0/5
   771 | D:1      | You fall into a shaft and drop 1 floor!
   835 | D:2      | Reached XP level 3. HP: 16/28 MP: 0/6
  1275 | D:2      | Noticed Natasha
  1280 | D:2      | Killed Natasha
  1280 | D:2      | Reached XP level 4. HP: 27/36 MP: 3/8
  1433 | D:2      | Noticed Natasha
  1439 | D:2      | HP: 1/36 [Natasha (6)]
  1441 | D:2      | Slain by Natasha

Levels and vault maps discovered:
D:1:      ncdulo_lavacross, layout_basic, minmay_tiny_reverse_x
D:2:      layout_rooms, uniq_natasha, uniq_crazy_yiuf_cottage

Skill      XL: |  1  2 |
---------------+-------+-----
Conjurations   | 2 3 |  3.1
Dodging        | |  1.5
Stealth        | |  3.0
Spellcasting   | |  2.9
Fire Magic     | |  3.0

Action                   |  1- 3 |  4- 6 || total
-------------------------+-------+-------++-------
Melee: Mace              |     1 |    19 ||    20
 Cast: Foxfire           |    45 |       ||    45
 Abil: Spit Poison       |    12 |       ||    12
  Eat: Chunk             |     2 |       ||     2
Armor: Robe              |     5 |     8 ||    13
Dodge: Dodged            |    13 |     8 ||    21

Table legend:
 A = Non-vault XP
 B = Vault XP
 C = Vault XP percentage of total XP
 D = Non-vault monster count
 E = Vault monster count
 F = Vault count percentage of total count
                 A         B        C        D         E       F
            +---------+---------+-------+---------+---------+-------
      Total |      65 |      39 |  37.5 |      27 |       3 |  10.0
            +---------+---------+-------+---------+---------+-------
        D:1 |      18 |       4 |  18.2 |      12 |       2 |  14.3
        D:2 |      47 |      35 |  42.7 |      15 |       1 |   6.2
            +---------+---------+-------+---------+---------+-------
